 Dungeon Sprint DCSS version 0.23.2-1-ga50397a (webtiles) character file.

Game seed: 15742614910039528535

1256 doot the Eclecticist (level 8, -14/43 HPs)
             Began as a Deep Elf Wizard on May 5, 2019.
             Was a Priest of Vehumet.
             Killed from afar by Erolcha (25 damage)
             ... with a bolt of lightning
             ... in the Dungeon (Sprint III: "The Ten Rune Challenge").
             The game lasted 00:09:22 (2081 turns).

doot the Eclecticist (Deep Elf Wizard)              Turns: 2081, Time: 00:09:22

Health: -14/43     AC:  3    Str:  4    XL:     8   Next: 26%
Magic:  23/29      EV: 16    Int: 26    God:    Vehumet [***...]
Gold:   51         SH:  0    Dex: 13    Spells: 25/38 levels left

rFire    . . .     SeeInvis +   k - +3 quarterstaff (chaos)
rCold    . . .     Gourm    .   (shield currently unavailable)
rNeg     . . .     Faith    .   a - +0 robe
rPois    .         Spirit   .   b - +0 hat
rElec    .         Reflect  .   l - +0 cloak
rCorr    .         Harm     .   (no gloves)
MR       +....     NoTele   +   (no boots)
Stlth    +++.......             (no amulet)
HPRegen  0.14/turn              (no ring)
MPRegen  0.21/turn              (no ring)

@: no status effects
A: antennae 1, repulsion field 1, see invisible, magic resistance 1
a: Renounce Religion


You were in the Dungeon.
You worshipped Vehumet.
Vehumet was most pleased with you.
You were not hungry.

You visited 1 branch You collected 51 gold pieces.

Inventory:

Hand Weapons
 k - a +3 quarterstaff of chaos (weapon)
Armour
 a - a +0 robe (worn)
 b - a +0 hat (worn)
 l - a +0 cloak (worn)
Scrolls
 j - a scroll of blinking
 m - 2 scrolls of immolation {unknown}
 n - a scroll of identify {unknown}
 o - 5 scrolls of remove curse
Potions
 c - a potion of degeneration {unknown}
 f - 2 potions of heal wounds
 g - a potion of haste
 h - 2 potions of magic
 i - a potion of berserk rage
 p - a potion of agility {unknown}
 q - 2 potions of might
 r - 2 potions of mutation
Comestibles
 d - 4 rations
 s - 5 chunks of flesh


   Skills:
 + Level 1.6 Fighting
 + Level 3.8 Staves
 + Level 4.9 Dodging
 + Level 4.9 Stealth
 + Level 15.5 Spellcasting
 + Level 6.5 Conjurations
 + Level 7.6 Summonings
 + Level 4.6 Translocations
 + Level 2.4 Fire Magic
 + Level 4.1 Air Magic
 + Level 4.0 Poison Magic


You had 25 spell levels left.
You knew the following spells:

 Your Spells              Type           Power        Failure   Level  Hunger
a - Magic Dart            Conj           ####         1%          1    None
b - Blink                 Tloc           N/A          1%          2    None
c - Call Imp              Summ           ######..     1%          2    None
d - Slow                  Hex            ###.....     4%          2    None
e - Conjure Flame         Conj/Fire      #####...     1%          3    None
f - Mephitic Cloud        Conj/Pois/Air  #####...     1%          3    None

Your spell library contained the following spells:

 Spells                   Type           Power        Failure   Level  Hunger
 Throw Flame              Conj/Fire      #####.       1%          2    None


Dungeon Overview and Level Annotations

Branches:
Dungeon (1/1)

Altars:
Dithmenos
Elyvilon
Kikubaaqudgha
Okawaru
Ru
Sif Muna
Trog
Uskayaw
Vehumet
Wu Jian
Yredelemnul
Zin
The Shining One
Beogh

Annotations:
D Erolcha


Innate Abilities, Weirdness & Mutations

You have a pair of small antennae on your head.
You are surrounded by a mild repulsion field. (EV +2)
You have supernaturally acute eyesight. (SInv)
You are resistant to hostile enchantments. (MR+)


Message History

Press: ? - help, Dir - move target cursor The fire ignites!
Erolcha screams, "Blood!"
Erolcha gestures at you while chanting. You resist with almost no effort.
Casting: Conjure Flame (safe; 1% risk of failure)
Confirm with . or Enter, or press ? or * to list all spells.
Aiming: Mephitic Cloud (safe; 1% risk of failure)
Press: ? - help, Shift-Dir - straight line, f - Erolcha
Aim: Erolcha, wielding a +0 giant club and wearing a +0 robe (slightly transparent)
The ball explodes into a vile cloud!
The stinking cloud engulfs Erolcha but does no damage.
Erolcha is engulfed in noxious fumes.
Erolcha casts a spell at you. The bolt of lightning hits you!!
Ouch! That really hurt!
* * * LOW HITPOINT WARNING * * *
The bolt of lightning hits you!!
Ouch! That really hurt!
You die...

'#)###)## ........#
.....)..# .######'#
.#
#...#+##############
.#
#...#....#.#.#.O.O.#
##
#...##.#..#)##{###.#
.#
#...'##.#.#.##O#..##
_#
+...#...#..#@§##.O
▓▓
▓▓▓▓▓▓▓▓▓▓▓▓▓▓▓▓▓▓ {
{ {


You could see Erolcha (invisible).

Vanquished Creatures
  A shadow (D)
  A necrophage (D)
  3 two-headed ogres (D)
  A water elemental (D)
  Crazy Yiuf (D)
  A jelly (D)
  A wizard (D)
  Jessica (D)
  A necromancer (D)
  2 humans (D)
  A kobold demonologist (D)
  An ooze (D)
  2 rats (D)
17 creatures vanquished.

Vanquished Creatures (collateral kills)
  A deep elf mage (D)
  A human (D)
2 creatures vanquished.

Vanquished Creatures (others)
  2 draconian scorchers (D)
  6 hellions (D)
  2 yaktaurs (D)
  A plant (D)
11 creatures vanquished.

Grand Total: 30 creatures vanquished

Notes
Turn   | Place    | Note
-------+----------+-------------------------------------------
     0 | D        | doot the Deep Elf Wizard began the quest for the Orb.
     0 | D        | Reached XP level 1. HP: 10/10 MP: 7/7
    32 | D        | Reached skill level 5 in Spellcasting
    78 | D        | Noticed Jessica
    92 | D        | Killed Jessica
    92 | D        | Reached skill level 8 in Spellcasting
    92 | D        | Reached XP level 2. HP: 5/15 MP: 1/13
    92 | D        | Reached XP level 3. HP: 7/19 MP: 1/14
   134 | D        | Killed a hellion
   135 | D        | Killed a hellion
   135 | D        | Killed a hellion
   140 | D        | Killed a yaktaur
   197 | D        | Killed a white draconian scorcher
   212 | D        | Killed a white draconian scorcher
   227 | D        | Killed a hellion
   233 | D        | Killed a hellion
   236 | D        | Killed a hellion
   239 | D        | Learned a level 2 spell: Blink
   242 | D        | Learned a level 2 spell: Call Imp
   245 | D        | Learned a level 2 spell: Slow
   249 | D        | Learned a level 3 spell: Conjure Flame
   253 | D        | Learned a level 3 spell: Mephitic Cloud
   297 | D        | Noticed Crazy Yiuf
   748 | D        | Killed Crazy Yiuf
   748 | D        | Reached skill level 9 in Spellcasting
   748 | D        | Reached skill level 1 in Fire Magic
   748 | D        | Reached skill level 1 in Air Magic
   748 | D        | Reached XP level 4. HP: 24/24 MP: 0/17
   883 | D        | Gained mutation: Armour fits poorly on your strangely
                  | shaped body. [potion of mutation]
   883 | D        | Gained mutation: Your muscles are strong. (Str +2) [potion
                  | of mutation]
   883 | D        | Gained mutation: Your flesh is heat resistant. (rF+)
                  | [potion of mutation]
   883 | D        | Gained mutation: You possess an exceptional clarity of
                  | mind. [potion of mutation]
   886 | D        | Lost mutation: You possess an exceptional clarity of mind.
                  | [potion of mutation]
   886 | D        | Lost mutation: Your flesh is heat resistant. (rF+) [potion
                  | of mutation]
   886 | D        | Lost mutation: Your muscles are strong. (Str +2) [potion of
                  | mutation]
   886 | D        | Gained mutation: You are weak. (Str -2) [potion of
                  | mutation]
   886 | D        | Gained mutation: You have supernaturally acute eyesight.
                  | (SInv) [potion of mutation]
   887 | D        | Lost mutation: Armour fits poorly on your strangely shaped
                  | body. [potion of mutation]
   887 | D        | Lost mutation: You are weak. (Str -2) [potion of mutation]
   887 | D        | Gained mutation: Your mind is acute. (Int +2) [potion of
                  | mutation]
   887 | D        | Gained mutation: Your body sometimes deteriorates upon
                  | taking damage. [potion of mutation]
   887 | D        | Gained mutation: You are surrounded by a mild repulsion
                  | field. (EV +2) [potion of mutation]
   888 | D        | Lost mutation: Your body sometimes deteriorates upon taking
                  | damage. [potion of mutation]
   888 | D        | Lost mutation: Your mind is acute. (Int +2) [potion of
                  | mutation]
   888 | D        | Gained mutation: You have a pair of small antennae on your
                  | head. [potion of mutation]
   888 | D        | Gained mutation: You are resistant to hostile enchantments.
                  | (MR+) [potion of mutation]
   893 | D        | Noticed a water elemental
   906 | D        | Killed a water elemental
   906 | D        | Reached skill level 10 in Spellcasting
   906 | D        | Reached skill level 1 in Poison Magic
   942 | D        | Found a radiant altar of Vehumet.
   943 | D        | Found a deep blue altar of Sif Muna.
   943 | D        | Noticed a wizard
   944 | D        | Found an ancient bone altar of Kikubaaqudgha.
   949 | D        | Reached XP level 5. HP: 28/28 MP: 1/20
   957 | D        | Reached skill level 11 in Spellcasting
   974 | D        | Became a worshipper of Vehumet
  1064 | D        | Found a glowing silver altar of Zin.
  1065 | D        | Found a glowing golden altar of the Shining One.
  1065 | D        | Found a white marble altar of Elyvilon.
  1065 | D        | Noticed a deep elf mage
  1076 | D        | HP: 1/28 [deep elf mage/+2 long sword of holy wrath (9)]
  1122 | D        | Killed a deep elf mage
  1122 | D        | Reached skill level 1 in Staves
  1122 | D        | Reached skill level 13 in Spellcasting
  1122 | D        | Reached skill level 5 in Conjurations
  1122 | D        | Reached XP level 6. HP: 5/33 MP: 3/24
  1396 | D        | Found a hide-covered altar of Uskayaw.
  1396 | D        | Found a roughly hewn altar of Beogh.
  1396 | D        | Found an iron altar of Okawaru.
  1396 | D        | Found a bloodstained altar of Trog.
  1396 | D        | Found an ornate altar of the Wu Jian Council.
  1396 | D        | Noticed a human
  1396 | D        | Noticed a human
  1401 | D        | Killed a human
  1401 | D        | Reached skill level 5 in Summonings
  1403 | D        | Killed a human
  1403 | D        | Reached * piety under Vehumet
  1403 | D        | Offered knowledge of Sting by Vehumet.
  1403 | D        | Reached skill level 1 in Fighting
  1403 | D        | Reached skill level 14 in Spellcasting
  1403 | D        | Reached XP level 7. HP: 38/38 MP: 14/26
  1461 | D        | Found a basalt altar of Yredelemnul.
  1461 | D        | Found a shadowy altar of Dithmenos.
  1461 | D        | Found a sacrificial altar of Ru.
  1558 | D        | Reached ** piety under Vehumet
  1558 | D        | Offered knowledge of Freeze by Vehumet.
  1581 | D        | Noticed a shadow
  1607 | D        | Killed a shadow
  1825 | D        | Offered knowledge of Throw Flame by Vehumet.
  1825 | D        | Reached skill level 15 in Spellcasting
  1832 | D        | Killed a yaktaur
  1943 | D        | Noticed a two-headed ogre
  1955 | D        | Killed a two-headed ogre
  1955 | D        | Reached *** piety under Vehumet
  1955 | D        | Reached XP level 8. HP: 27/43 MP: 15/29
  2072 | D        | Noticed a two-headed ogre
  2072 | D        | Noticed Erolcha
  2081 | D        | Killed from afar by Erolcha

Skill      XL: |  1  2  3  4  5  6  7 |
---------------+----------------------+-----
Stealth        | 4 |  4.9
Spellcasting   | 8 9 10 13 14 15 | 15.5
Dodging        | 3 4 |  4.9
Conjurations   | 2 3 5 6 |  6.5
Fire Magic     | 1 2 |  2.4
Air Magic      | 1 3 4 |  4.1
Translocations | 2 3 4 |  4.6
Poison Magic   | 1 3 4 |  4.0
Summonings     | 4 6 7 |  7.6
Staves         | 1 2 3 |  3.8
Fighting       | 1 |  1.6

Action                   |  1- 3 |  4- 6 |  7- 9 || total
-------------------------+-------+-------+-------++-------
Melee: Quarterstaff      |       |     7 |     2 ||     9
 Cast: Magic Dart        |    29 |     3 |    20 ||    52
       Conjure Flame     |     7 |     3 |     6 ||    16
       Mephitic Cloud    |     5 |     8 |     7 ||    20
       Blink             |     5 |       |     8 ||    13
       Call Imp          |     1 |    12 |     4 ||    17
  Use: Potion            |       |     5 |       ||     5
 Stab: Sleeping          |       |       |     1 ||     1
  Eat: Chunk             |       |     1 |     2 ||     3
Armor: Robe              |       |       |     1 ||     1
Dodge: Dodged            |     5 |     6 |    14 ||    25
